 Dungeon Crawl Stone Soup version 0.21.1-1-g345015f (webtiles) character file.

248 Fang the Chopper (level 6, 0/39 HPs)
             Began as a Gargoyle Berserker on June 13, 2018.
             Was a Priest of Trog.
             Slain by a phantom (6 damage)
             ... on level 4 of the Dungeon.
             The game lasted 00:04:21 (3418 turns).

Fang the Chopper (Gargoyle Berserker)               Turns: 3418, Time: 00:04:22

Health: 0/39       AC:  6    Str: 22    XL:     6   Next: 12%
Magic:  6/6        EV: 12    Int:  8    God:    Trog [***...]
Gold:   215        SH:  0    Dex:  9    Spells: 5/5 levels left

rFire    . . .     SeeInvis +   a - +0 hand axe
rCold    . . .     Gourm    .   (no shield)
rNeg     + + .     Faith    .   b - +0 animal skin
rPois    ∞         Spirit   .   (no helmet)
rElec    +         Reflect  .   (no cloak)
rCorr    .         Harm     .   (no gloves)
MR       .....                  (no boots)
Stlth    +.........             (no amulet)
HPRegen  0.13/turn              r - ring of positive energy
MPRegen  0.10/turn              j - ring of see invisible

@: berserk cooldown, slowed, very slow
A: negative energy resistance 1, electricity resistance, unbreathing,
petrification resistance, rot immunity, AC +4
a: Berserk, Trog's Hand, Burn Spellbooks, Renounce Religion


You were on level 4 of the Dungeon.
You worshipped Trog.
Trog was most pleased with you.
You were not hungry.

You visited 1 branch of the dungeon, and saw 4 of its levels.

You collected 215 gold pieces.

Inventory:

Hand Weapons
 a - a +0 hand axe (weapon)
 z - a cursed -1 hand axe
Armour
 b - a +0 animal skin (worn)
Jewellery
 e - an uncursed ring of poison resistance
 j - a ring of see invisible (right hand)
 r - a ring of positive energy (left hand)
Wands
 t - a wand of digging (10)
Scrolls
 d - 5 scrolls of identify {unknown}
 g - a scroll of amnesia {unknown}
 h - 2 scrolls of remove curse {unknown}
 k - a scroll of fear {unknown}
 l - a scroll of immolation {unknown}
 m - a scroll of blinking {unknown}
 n - 4 scrolls of magic mapping {unknown}
 q - a scroll of random uselessness {unknown}
 u - a scroll of enchant armour {unknown}
 w - 3 scrolls of teleportation {unknown}
 y - a scroll of enchant weapon {unknown}
Potions
 f - 2 potions of heal wounds {unknown}
 i - a potion of might {unknown}
 o - a potion of ambrosia {unknown}
 p - a potion of curing {unknown}
 s - a potion of mutation {unknown}
 v - a potion of flight {unknown}
 x - 2 potions of lignification {unknown}
Comestibles
 c - 8 rations


   Skills:
 + Level 4.6 Fighting
 + Level 4.7 Axes
 + Level 2.3 Armour
 + Level 2.5 Dodging
 + Level 0.4 Stealth


You had 5 spell levels left.
You didn't know any spells.

Dungeon Overview and Level Annotations

Branches:
Dungeon (4/15)
 Temple: D:4-7

Altars:
Elyvilon
Makhleb
Wu Jian
The Shining One


Innate Abilities, Weirdness & Mutations

You are resistant to torment.
Your stone body is resilient. (AC +4)
You are immune to poison.
You resist negative energy. (rN+)
You are resistant to electric shocks. (rElec)
You can survive without breathing.
You are immune to petrification.
You are immune to rotting.


Message History

a club; an orc corpse You see here a hand axe.
You close the door, pushing everything out of the way.
You're too hungry to rest.
You're too hungry to rest.
You're too hungry to rest.
You're too hungry to rest.
You're too hungry to rest.
You eat one of the 9 rations.
That ration really hit the spot!
A phantom opens the door.
A phantom is nearby!
A phantom is nearby!
The phantom blinks!
You now have 215 gold pieces (gained 2).
Items here: ))) [[ ††
Items here: )) [ † a dagger; an enchanted hand axe; a leather armour; an orc corpse
z - an enchanted hand axe The phantom hits you.
You die...

#### ########....#.###
#...###....###+...#....
................#.###..
..$.............#......
................###....
.......................
.####..##.##...###..##
#######..##+##...###..##
.......@W#)......#....#.
.......))'.......#....#.
.........#†......'......
.........#.......#......
.........#.......#....##
.........#.......#....≈≈
.........#.......#...##≈
.####....##########..#≈≈
#....# #..#≈≈


You could see a phantom.

Vanquished Creatures
  An orc priest (D:4)
  A worker ant (D:4)
  7 adders
  An ooze (D:4)
  4 worms
  2 dart slugs
  2 leopard geckos
  10 orcs
  4 bats
  5 giant cockroaches
  15 goblins
  10 hobgoblins
  5 jackals
  15 kobolds
  A quokka (D:2)
  9 frilled lizards
  7 rats
99 creatures vanquished.

Notes
Turn   | Place    | Note
-------+----------+-------------------------------------------
     0 | D:1      | Fang the Gargoyle Berserker began the quest for the Orb.
     0 | D:1      | Reached XP level 1. HP: 14/14 MP: 1/1
    27 | D:1      | Reached XP level 2. HP: 16/19 MP: 2/2
   508 | D:1      | Reached XP level 3. HP: 23/24 MP: 3/3
   971 | D:2      | Reached ** piety under Trog
  1140 | D:2      | Found a white marble altar of Elyvilon.
  1153 | D:2      | Reached XP level 4. HP: 29/29 MP: 4/4
  2261 | D:3      | Reached XP level 5. HP: 34/34 MP: 5/5
  2300 | D:3      | Reached *** piety under Trog
  2759 | D:3      | Found an ornate altar of the Wu Jian Council.
  2759 | D:3      | Found a glowing golden altar of the Shining One.
  3209 | D:4      | Found a burning altar of Makhleb.
  3391 | D:4      | Noticed a phantom
  3406 | D:4      | Reached XP level 6. HP: 6/39 MP: 6/6
  3418 | D:4      | Slain by a phantom

Skill      XL: |  1  2  3  4 |
---------------+-------------+-----
Axes           | 3 4 |  4.7
Fighting       | 4 |  4.6
Dodging        | 2 |  2.5
Armour         | |  2.3
Stealth        | |  0.4

Action                   |  1- 3 |  4- 6 || total
-------------------------+-------+-------++-------
Melee: Hand axe          |    88 |   219 ||   307
Invok: Berserk           |     2 |     1 ||     3
 Stab: Sleeping          |       |     1 ||     1
  Eat: Chunk             |     3 |     6 ||     9
       Ration            |       |     1 ||     1
Armor: Animal skin       |    28 |    69 ||    97
Dodge: Dodged            |    86 |   132 ||   218
